 Dungeon Crawl Stone Soup version 0.18.1-48-g4cf74bf (webtiles) character file.

590 nikopol the Poker (level 7, -5/61 HPs)
             Began as a Minotaur Berserker on July 13, 2016.
             Was an Elder of Trog.
             Slain by an ogre
             ... wielding a +0 giant club
              (19 damage)
             ... on level 5 of the Dungeon.
             The game lasted 00:08:22 (2960 turns).

nikopol the Poker (Minotaur Berserker)              Turns: 2960, Time: 00:08:23

Health: -5/61      AC:  8    Str: 22    XL:     7   Next: 15%
Magic:  6/6        EV: 12    Int:  4    God:    Trog [****..]
Gold:   260        SH:  0    Dex: 11    Spells: 0 memorised, 6 levels left

rFire  . . .     SeeInvis .     x - +0 trident
rCold  . . .     Gourm    .     k - +0 scale mail
rNeg   . . .     Faith    .     (no shield)
rPois  .         Spirit   .     r - +1 hat
rElec  .         Dismiss  .     (no cloak)
rCorr  .         Reflect  .     (no gloves)
SustAt .         Harm     .     (no boots)
MR     ++...                    (no amulet)
Stlth  ..........               (no ring)
                                (no ring)

@: regenerating, very resistant to hostile enchantments, extremely unstealthy
A: retaliatory headbutt, horns 2
a: Berserk, Trog's Hand, Brothers in Arms, Burn Spellbooks, Renounce Religion


You were on level 5 of the Dungeon.
You worshipped Trog.
Trog was greatly pleased with you.
You were hungry.

You visited 1 branch of the dungeon, and saw 5 of its levels.

You collected 260 gold pieces.

Inventory:

Hand Weapons
 a - a +0 spear
 c - a +0 shortbow
 x - a +0 trident (weapon)
Missiles
 j - 71 arrows (quivered)
Armour
 b - a +0 animal skin
 k - a +0 scale mail (worn)
 r - a +1 hat (worn)
Wands
 s - a wand of flame (16/48)
 u - a wand of flame (26/48)
Scrolls
 d - 2 scrolls of random uselessness {unknown}
 e - 8 scrolls of identify {unknown}
 g - 2 scrolls of enchant weapon {unknown}
 h - 5 scrolls of remove curse {unknown}
 l - a scroll of fog {unknown}
 p - 2 scrolls of noise {unknown}
 v - a scroll of amnesia {unknown}
 w - 2 scrolls of recharging {unknown}
 z - a scroll of immolation {unknown}
 B - a scroll of blinking {unknown}
Potions
 f - 5 potions of heal wounds {unknown}
 i - 3 potions of curing {unknown}
 m - 2 potions of haste {unknown}
 n - a potion of cancellation {unknown}
 o - 2 potions of lignification {unknown}
 t - a potion of flight {unknown}
 y - a potion of invisibility {unknown}
 C - 2 potions of mutation {unknown}
 D - 2 potions of brilliance {unknown}
Books
 E - a book of Debilitation

   Spells                             Type                      Level
   a - Corona                         Hexes                        1
   b - Slow                           Hexes                        2
   c - Gell's Gravitas                Hexes/Translocation          3
   d - Inner Flame                    Hexes/Fire                   3
   e - Cause Fear                     Hexes                        4
   f - Leda's Liquefaction            Hexes/Earth                  4
   Trog disapproves of the use of such an item.
Comestibles
 q - a slice of pizza
 A - 5 bread rations


   Skills:
 + Level 5.6 Fighting
 * Level 5.7 Polearms
 * Level 1.9 Bows
 + Level 5.0 Armour
 + Level 4.6 Dodging


You had 6 spell levels left.
You didn't know any spells.

Dungeon Overview and Level Annotations

Branches:
Dungeon (5/15)
 Temple: D:4-7

Altars:
Gozag
Makhleb
Nemelex Xobeh
Okawaru
Sif Muna
Trog

Annotations:
D:5 Menkaure


Innate Abilities, Weirdness & Mutations

You reflexively headbutt those who attack you in melee.
You have a pair of horns on your head.


Message History

You closely miss the phantom.
The phantom is moderately damaged.
The crimson imp hits you but does no damage.
The phantom blinks!
You hit the crimson imp. You headbutt the crimson imp!
You kill the crimson imp!
Trog accepts your kill.
Your Armour skill increases to level 5!
Menkaure calls on the powers of darkness!
The ogre convulses!
Your body is wracked with pain!
You puncture the ogre!
The ogre is severely wounded.
The ogre hits you with a giant club!!
* * * LOW HITPOINT WARNING * * *
You are too injured to fight recklessly!
You are too injured to fight recklessly!
Your skin crawls.
You feel resistant to hostile enchantments.
You feel slightly more hungry. The ogre hits you with a giant club!!
You die...

..P... ....#.
#.....###...>..
#......#...P..#
#.P?.P..P.P..##
#.......P....###
#..P.P.M.......#
#......W.......
##.@O..........
#.###..............
#$.................
#####..............
##.............
#.............
##............
#.#...<.......
#.####......###


You could see a phantom, an ogre and Menkaure.

Vanquished Creatures
  Sigmund (D:4)
  A centaur (D:4)
  A giant frog (D:4)
  A crimson imp (D:5)
  Ijyb (D:2)
  2 orc wizards (D:4)
  A worker ant (D:4)
  6 adders
  3 worms (D:2)
  A dart slug (D:2)
  6 giant geckos
  6 orcs (D:4)
  2 ball pythons
  11 bats
  3 giant cockroaches
  7 goblins
  7 hobgoblins
  5 jackals
  3 quokkas
  2 giant newts (D:2)
  9 kobolds
  11 rats
90 creatures vanquished.

Notes
Turn   | Place    | Note
--------------------------------------------------------------
     0 | D:1      | nikopol the Minotaur Berserker began the quest for the Orb.
     0 | D:1      | Reached XP level 1. HP: 19/19 MP: 0/0
   101 | D:1      | Reached XP level 2. HP: 20/27 MP: 1/1
   256 | D:1      | Reached ** piety under Trog
   529 | D:2      | Reached XP level 3. HP: 28/33 MP: 2/2
   572 | D:2      | Found a faded altar to an unknown god.
   716 | D:2      | Found a sparkling altar of Nemelex Xobeh.
   776 | D:2      | Reached XP level 4. HP: 40/40 MP: 3/3
   922 | D:2      | Noticed Ijyb
   929 | D:2      | Killed Ijyb
   944 | D:2      | Reached *** piety under Trog
  1284 | D:2      | Found an iron altar of Okawaru.
  1284 | D:2      | Found a bloodstained altar of Trog.
  1495 | D:3      | Reached XP level 5. HP: 42/47 MP: 4/4
  1776 | D:3      | Found a burning altar of Makhleb.
  1932 | D:4      | Found a deep blue altar of Sif Muna.
  1957 | D:4      | Found a burning altar of Makhleb.
  1961 | D:4      | Reached **** piety under Trog
  2084 | D:4      | Reached skill level 5 in Fighting
  2084 | D:4      | Reached skill level 5 in Polearms
  2084 | D:4      | Reached XP level 6. HP: 48/56 MP: 5/5
  2359 | D:4      | Found an opulent altar of Gozag.
  2420 | D:4      | Noticed Sigmund
  2428 | D:4      | Killed Sigmund
  2428 | D:4      | Reached skill level 1 in Bows
  2428 | D:4      | Reached XP level 7. HP: 61/61 MP: 6/6
  2942 | D:5      | Entered Level 5 of the Dungeon
  2955 | D:5      | Noticed Menkaure
  2958 | D:5      | Reached skill level 5 in Armour
  2960 | D:5      | Slain by an ogre

Skill      XL: |  1  2  3  4  5  6  7 |
---------------+----------------------+-----
Fighting       | 4 5 |  5.6
Armour         | 3 4 5 |  5.0
Polearms       | 4 5 |  5.7
Dodging        | 3 4 |  4.6
Bows           | 1 |  1.9

Action                   |  1- 3 |  4- 6 |  7- 9 || total
-------------------------+-------+-------+-------++-------
Melee: Spear             |   102 |   143 |       ||   245
       Headbutt          |    11 |    12 |     2 ||    25
       Trident           |       |    23 |     9 ||    32
Invok: Burn Spellbooks   |       |     1 |       ||     1
       Berserk           |       |     1 |       ||     1
       Trog's Hand       |       |       |     1 ||     1
 Stab: Sleeping          |     1 |       |       ||     1
  Eat: Chunk             |       |     5 |     2 ||     7
Armor: Animal skin       |     7 |       |       ||     7
       Scale mail        |    16 |    54 |     2 ||    72
Dodge: Dodged            |    43 |    62 |     6 ||   111
